 Dungeon Crawl Stone Soup version 0.26.0-7-g794d0892b4 (webtiles) character file.

Game seed: 5440537459620961887

16 BOMJPIETVODKU the Chiller (level 2, 0/20 HPs)
             Began as a Draconian Ice Elementalist on Jan 11, 2021.
             Slain by a goblin
             ... wielding a +0 club
             ... led by Robin
              (6 damage)
             ... on level 1 of the Dungeon.
             The game lasted 00:04:46 (763 turns).

BOMJPIETVODKU the Chiller (DrIE)                     Turns: 763, Time: 00:04:48

Health: 0/20       AC:  5    Str: 10    XL:     2   Next: 37%
Magic:  2/5        EV: 12    Int: 15    God:
Gold:   74         SH:  0    Dex: 11    Spells: 4/5 levels left

rFire    . . .     SeeInvis .   a - +0 dagger
rCold    . . .     Faith    .   (no shield)
rNeg     . . .     Spirit   .   (armour unavailable)
rPois    .         Reflect  .   (helmet restricted)
rElec    .         Harm     .   b - +0 cloak
rCorr    .         Rampage  .   (no gloves)
Will     .....                  (no boots)
Stlth    ++........             (no amulet)
HPRegen  0.06/turn              (no ring)
MPRegen  0.09/turn              (no ring)

@: no status effects
A: unfitting armour, cold-blooded, AC +4
a: no special abilities


You were on level 1 of the Dungeon.
You visited 1 branch of the dungeon, and saw 2 of its levels.

You collected 74 gold pieces.

Inventory:

Hand Weapons
 a - a +0 dagger (weapon)
Missiles
 c - 10 poisoned darts
Armour
 b - a +0 cloak (worn)
Scrolls
 d - a scroll of amnesia {unknown}
 f - a scroll of magic mapping {unknown}
 j - a scroll of identify {unknown}
Potions
 e - 2 potions of heal wounds {unknown}
 g - 2 potions of degeneration {unknown}
 h - a potion of flight {unknown}
 i - a potion of resistance {unknown}


   Skills:
 + Level 1.8 Dodging
 + Level 1.9 Stealth
 + Level 2.1 Spellcasting
 + Level 4.5 Ice Magic


You had 4 spell levels left.
You knew the following spells:

 Your Spells              Type           Power        Failure   Level
a - Freeze                Ice            60%          3%          1

Your spell library contained the following spells:

 Spells                   Type           Power        Failure   Level
 Frozen Ramparts          Ice            30%          11%         3
 Ozocubu's Armour         Ice            15%          11%         3
 Hailstorm                Conj/Ice       8%           65%         4
 Summon Ice Beast         Ice/Summ       8%           65%         4


Dungeon Overview and Level Annotations

Branches:
Dungeon (2/15)

Altars:
Elyvilon

Annotations:
D:2 Robin


Innate Abilities, Weirdness & Mutations

Your plain brown scales are hard. (AC +4)
You cannot fit into any form of body armour.
You are cold-blooded and may be slowed by cold attacks.


Message History

The goblin is moderately wounded.
The goblin hits you with a cursed -1 club.
The goblin hits you with a +0 club.
Casting: Freeze (safe; 3% risk of failure)
Confirm with . or Enter, or press ? or * to list all spells.
You don't know that spell.
Unknown command.
The goblin barely misses you. The goblin hits you with a +0 club.
* * * LOW HITPOINT WARNING * * *
You climb upwards.
There is a stone staircase leading down here.
Casting: Freeze (safe; 3% risk of failure)
Confirm with . or Enter, or press ? or * to list all spells.
Aiming: Freeze (safe; 3% risk of failure)
Press: ? - help, Shift-Dir - straight line, f - goblin
Aim: a goblin, wielding a +0 club You freeze the goblin.
The goblin is heavily wounded.
The goblin misses you. The goblin hits you with a +0 club.
You die...

>.'####..#####.###.#.......#
..## #..## #.'...........#
..#####..'# #.#.#.###.##..#
.........#####.#.#.###.##..#
...............#.......##..###
...####'.#####.#...###.##....###
...# ##.'# #.#....##.........#
...#####.#####.#.............###
...............#@g.........###
################.g.........##
...................(#.......#
.######.#..............###.## .#
#.#^.............###.#
.######....................#
.#...................#.##.##
.........##............##.#
........###.#........####†#


You could see 2 goblins.

Vanquished Creatures
  2 dart slugs (D:1)
  A ball python (D:2)
  A hobgoblin (D:1)
  2 bats (D:1)
  4 goblins
  2 rats (D:1)
12 creatures vanquished.

Notes
Turn   | Place    | Note
-------+----------+-------------------------------------------
     0 | D:1      | BOMJPIETVODKU the Draconian Ice Elementalist began the
                  | quest for the Orb.
     0 | D:1      | Reached XP level 1. HP: 14/14 MP: 3/3
   307 | D:1      | Reached XP level 2. HP: 20/20 MP: 1/5
   740 | D:2      | Found a white marble altar of Elyvilon.
   740 | D:2      | Noticed Robin
   763 | D:1      | Slain by a goblin

Illustrated notes

Levels and vault maps discovered:
D:1:      shiori_angband_town, layout_basic
D:2:      layout_basic, old_standard_altar, minmay_misc_feat_encased, uniq_robin

Action                   || total
-------------------------++-------
Melee: Dagger            ||    20
 Cast: Freeze            ||    15
Armor: Skin              ||    12
Dodge: Dodged            ||    23
